 Dungeon Crawl Stone Soup version 0.30-a0-782-ge64f9170bb (console) character file.

Game seed: 3990121529957734354

10406 utis the Fighter (level 11, -8/73 HPs)
             Began as a Tengu Wanderer on Mar 10, 2023.
             Killed by divine providence
             ... invoked by a meliai
              (15 damage)
             ... on level 10 of the Dungeon.
             The game lasted 00:50:51 (13866 turns).

utis the Fighter (Tengu Wanderer)                  Turns: 13866, Time: 00:50:52

Health: -8/73      AC: 19    Str: 15    XL:     11   Next: 61%
Magic:  16/16      EV: 14    Int: 16    God:
Gold:   206        SH:  5    Dex: 12    Spells: 9/16 levels left

rFire   . . .      SeeInvis .    a - +7 Throatcutter {drain, coup de grace}
rCold   . . .      Faith    .    (no shield)
rNeg    . . .      Spirit   .    V - +3 scale mail
rPois   .          Reflect  +    W - +2 hat
rElec   .          Harm     .    y - +1 cloak
rCorr   .          Rampage  .    (no gloves)
Will    .....                    (boots unavailable) Stlth
                                 q - amulet of reflection
HPRegen 0.32/turn                Y - +4 ring of slaying {=R}
MPRegen 0.15/turn                O - +4 ring of protection

@: about to teleport, flying quickly and evasively, quick
A: beak, talons 3, nimble flight
a: no special abilities


You were on level 10 of the Dungeon.
You visited 1 branch of the dungeon, and saw 10 of its levels.
You also visited: Ossuary.

You collected 626 gold pieces.
You spent 420 gold pieces at shops.

Inventory:

Hand Weapons
 a - the +7 Throatcutter (weapon) {drain, coup de grace}
   (You took it off Terence on level 3 of the Dungeon)
 b - a +0 shortbow
 U - a +3 long sword
Missiles
 c - 26 poisoned darts
 g - a javelin (quivered)
 w - 5 atropa-tipped darts
 J - 12 curare-tipped darts {=f}
 K - 2 throwing nets {=f}
Armour
 y - a +1 cloak (worn)
 E - a +0 scale mail
 V - a +3 scale mail (worn)
 W - a +2 hat (worn)
Magical Staves
 C - a staff of death
 R - a staff of fire
Jewellery
 q - an amulet of reflection (around neck)
 F - a ring of protection from fire
 N - a ring of positive energy
 O - a +4 ring of protection (right hand)
 P - a ring of poison resistance
 Y - a +4 ring of slaying (left hand) {=R}
 Z - a ring of wizardry
Wands
 o - a wand of digging (1)
 r - a wand of roots (9)
 z - a wand of flame (48)
 S - a wand of charming (8)
Scrolls
 e - 2 scrolls of magic mapping
 h - 2 scrolls of enchant weapon
 i - 2 scrolls of poison
 s - 4 scrolls of immolation
 t - 6 scrolls of blinking
 x - 3 scrolls of teleportation {@r4}
 G - 2 scrolls of brand weapon {unknown}
 H - a scroll of noise
 I - a scroll of acquirement {unknown}
 M - a scroll of summoning {unknown}
 X - a scroll of vulnerability {unknown}
Potions
 d - 2 potions of ambrosia
 f - 3 potions of might
 k - 10 potions of curing {@q1}
 u - a potion of brilliance
 v - 2 potions of magic
 B - 4 potions of flight
 L - 2 potions of lignification
 Q - a potion of mutation {!q}
 T - a potion of berserk rage {!q}


   Skills:
 + Level 10.4 Fighting
 * Level 2.0 Long Blades
 - Level 2.0 Polearms
 - Level 2.1 Ranged Weapons
 - Level 2.0 Throwing
 + Level 8.0 Armour
 + Level 8.4 Dodging
 - Level 3.0 Spellcasting
 - Level 8.0 Conjurations
 - Level 8.0 Air Magic
 - Level 3.0 Poison Magic
 - Level 3.0 Evocations


You had 9 spell levels left.
You knew the following spells:

 Your Spells              Type           Power      Damage    Failure   Level
a - Apportation           Tloc           4%         N/A       52%         1
p - Mephitic Cloud        Conj/Pois/Air  22%        N/A       13%         3
z - Sting                 Tmut/Pois      28%        1d4       32%         1
Y - Poisonous Vapours     Pois/Air       40%        N/A       10%         2

Your spell library contained the following spells:

 Spells                   Type           Power      Damage    Failure   Level
 Magic Dart               Conj           100%       1d8       2%          1
 Kindle Blastsparks       Fire/Tloc/Air  20%        2d11      52%         3
 Call Imp                 Summ           2%         N/A       65%         2
 Ignite Poison            Fire/Tmut/Pois 5%         N/A       75%         3
 Olgreb's Toxic Radiance  Pois           12%        N/A       86%         4
 Freezing Cloud           Conj/Ice/Air   9%         6-21      88%         5
 Alistair's Intoxication  Tmut/Pois      4%         N/A       100%        5


Dungeon Overview and Level Annotations

Branches:
Dungeon (10/15)            Temple (0/1) D:4            Lair (0/5) D:10
    Orc (0/2) D:9         Ossuary (visited)

Altars:
Elyvilon
Fedhas
Kikubaaqudgha
Nemelex Xobeh
Qazlal
Trog
Yredelemnul

Shops:
D:1 (   D:5 **   D:8 **[((

Annotations:
D:6 2 runed translucent doors, bmj180's ghost, novice GrEE


Innate Abilities, Weirdness & Mutations

You have a beak for a mouth.
You have claws for feet.
Your magical nature lets you fly swiftly and evasively.


Message History

Unknown command.
Unknown command.
Unknown command.
Unknown command.
Okay, then.
Unknown command.
Unknown command.
Okay, then.
Okay, then.
Unknown command.
Unknown command.
Magic restored.
A six-headed hydra is nearby!
Okay, then.
Unknown command.
Unknown command.
Unknown command.
Okay, then.
Okay, then.
Unknown command.
A meliai comes into view. It is wielding a +0 hand axe.
The meliai buzzes angrily.
The meliai invokes the aid of its god against you.
Something smites you!
The meliai mumbles some strange prayers to its god against you.
Something smites you!
The meliai mumbles some strange prayers to its god against you.
Something smites you!
* * * LOW HITPOINT WARNING * * *
The meliai invokes the aid of its god against you.
Something smites you!
* * * LOW HITPOINT WARNING * * *
The meliai mumbles some strange prayers to its god against you.
Something smites you!
* * * LOW HITPOINT WARNING * * *
As you read the scroll of teleportation {@r4}, it crumbles to dust.
You feel strangely unstable.
The meliai mumbles some strange prayers to its god against you.
Something smites you!
You die...

....░...⚶..........░.░░░░.░.....░
....░..............░......░.....░
....░░░░░░░░░░░░░░░░......░...░░░
.░░░░░░░░░░░░░...........░░...░
.░...........░...........░....░
.░...........░...........░....░
.░...........░...........░....░
.░...........░...░░░░░░░.░....░.░
.░...........░..Q░ ░.░....░.░
.░░░░░░░░....░...░ ░.░....░.░
.░.....░░....░...░░░░░░░.░....░l░
.░...........░...........░ ..
.░....)......░...........░ ..
.░...........░....y......░░░░░░..
.░...........░...................
.░░░'░░░░░░░░░...........>.......
.................................


You could see a meliai.

Vanquished Creatures
  Gastronok (D:9)
  A centaur warrior (D:10)
  A two-headed ogre (D:8)
  A tengu warrior (D:10)
  Pikel (D:9)
  An ugly thing (D:10)
  A troll (D:9)
  Grinder (D:5)
  A centaur simulacrum (D:10)
  2 vampires
  A shadow (D:10)
  2 wyverns
  3 steam dragons
  A vampire mosquito (D:10)
  Edmund (D:5)
  3 water moccasins
  2 sky beasts
  3 orc warriors
  4 black bears
  3 ice beasts
  4 centaurs
  A lemure (D:8)
  A phantom (D:6)
  2 kobold brigands
  4 scorpions
  6 bullfrogs
  2 necrophages
  13 wights
  6 killer bees (D:8)
  5 howler monkeys
  2 centaur zombies (Ossuary)
  2 hounds
  5 orc priests
  Crazy Yiuf (D:3)
  2 gnoll boudas
  2 human zombies (Ossuary)
  2 jellies (D:6)
  Terence (D:3)
  5 orc wizards
  5 iguanas
  2 mummies (Ossuary)
  Robin (D:4)
  8 gnolls
  5 adders
  A shadow imp (D:8)
  4 white imps
  An adder zombie (Ossuary)
  A worm (D:3)
  2 dart slugs
  24 orcs
  3 bats
  7 endoplasms
  4 giant cockroaches
  17 goblins
  11 hobgoblins
  13 kobolds
  4 quokkas
  7 ball pythons
  3 frilled lizards
  3 goblin zombies (Ossuary)
  7 hobgoblin zombies (Ossuary)
  3 jackal zombies (Ossuary)
  9 kobold zombies (Ossuary)
  9 orc zombies (Ossuary)
  7 rats
  A rat zombie (Ossuary)
262 creatures vanquished.

Vanquished Creatures (others)
  16 fungi (D:10)
  19 plants (D:10)
35 creatures vanquished.

Grand Total: 297 creatures vanquished

Notes
Turn   | Place    | Note
-------+----------+-------------------------------------------
     0 | D:1      | utis the Tengu Wanderer began the quest for the Orb.
     0 | D:1      | utis set off with the following items: a +0 shortbow, 8
                  | poisoned darts, a +0 dagger, a scroll of fear, a +0 leather
                  | armour; and the following spell memorised: Sting; and the
                  | following spells available to memorise: Mephitic Cloud.
     0 | D:1      | Reached XP level 1. HP: 12/12 MP: 3/3
   212 | D:1      | Reached skill level 1 in Dodging
   226 | D:1      | Reached XP level 2. HP: 14/16 MP: 4/4
   272 | D:1      | Found Jogulidisu's Antique Weapon Shoppe.
   509 | D:1      | Reached skill level 2 in Fighting
   641 | D:1      | Reached XP level 3. HP: 21/21 MP: 5/5
   948 | D:2      | Learned a level 3 spell: Mephitic Cloud
  1465 | D:2      | Reached skill level 1 in Air Magic
  1635 | D:3      | Reached skill level 1 in Conjurations
  1770 | D:3      | Found a basalt altar of Yredelemnul.
  1788 | D:3      | Found a blossoming altar of Fedhas.
  1803 | D:3      | Reached XP level 4. HP: 23/27 MP: 6/6
  2291 | D:3      | Found a runed translucent door.
  2292 | D:3      | Noticed Crazy Yiuf
  2310 | D:3      | Reached skill level 1 in Polearms
  2492 | D:3      | Noticed Terence
  2662 | D:3      | Found a sparkling altar of Nemelex Xobeh.
  2991 | D:4      | Found a sand-covered staircase.
  2996 | Ossuary  | Entered an ossuary
  3320 | Ossuary  | Gained mutation: Your magical nature lets you fly swiftly
                  | and evasively. [Tengu growth]
  3320 | Ossuary  | Reached XP level 5. HP: 15/31 MP: 7/7
  3533 | Ossuary  | Reached XP level 6. HP: 18/36 MP: 8/8
  3934 | D:3      | Found a basalt altar of Yredelemnul.
  3939 | D:3      | Found a blossoming altar of Fedhas.
  3957 | D:3      | Found a sparkling altar of Nemelex Xobeh.
  4051 | D:3      | Killed Terence
  4356 | D:3      | Killed Crazy Yiuf
  4578 | D:4      | Reached skill level 1 in Long Blades
  4635 | D:4      | Found a staircase to the Ecumenical Temple.
  4726 | D:4      | Learned a level 2 spell: Poisonous Vapours
  4728 | D:4      | Learned a level 1 spell: Apportation
  4797 | D:4      | Reached XP level 7. HP: 36/40 MP: 9/9
  4821 | D:4      | Reached skill level 5 in Conjurations
  4821 | D:4      | Reached skill level 5 in Air Magic
  5232 | D:4      | Noticed Robin
  5235 | D:4      | Killed Robin
  5568 | D:5      | Entered Level 5 of the Dungeon
  5650 | D:5      | Found a stormy altar of Qazlal.
  5664 | D:5      | Noticed Grinder
  5904 | D:5      | Paralysed by Grinder for 4 turns
  5985 | D:5      | Killed Grinder
  5986 | D:5      | Reached XP level 8. HP: 30/45 MP: 10/10
  6084 | D:5      | Noticed Edmund
  6098 | D:5      | Killed Edmund
  6099 | D:5      | Reached skill level 3 in Fighting
  6099 | D:5      | Reached skill level 1 in Armour
  6288 | D:5      | Found a white marble altar of Elyvilon.
  6373 | D:5      | Found Wesinysu's General Store.
  6382 | D:5      | Bought a scroll of noise for 14 gold pieces
  6382 | D:5      | Bought a scroll of immolation for 56 gold pieces
  6567 | D:5      | Found Ubawoqull's Lightly-Used Armoury.
  6754 | D:6      | Reached skill level 4 in Fighting
  6922 | D:6      | Reached skill level 5 in Fighting
  6922 | D:6      | Reached XP level 9. HP: 54/54 MP: 11/11
  7529 | D:6      | Reached skill level 6 in Fighting
  7937 | D:6      | Reached skill level 5 in Dodging
  8411 | D:6      | Found a large runed translucent door.
  8411 | D:6      | Found a large runed translucent door.
  8413 | D:6      | Noticed bmj180's ghost (novice GrEE)
  8837 | D:7      | Reached skill level 7 in Fighting
  8931 | D:7      | Reached skill level 5 in Armour
  8939 | D:7      | Reached XP level 10. HP: 63/63 MP: 6/12
  9155 | D:7      | Found a bloodstained altar of Trog.
  9537 | D:8      | Reached skill level 8 in Fighting
  9845 | D:5      | Bought a +3 scale mail for 294 gold pieces
 10120 | D:8      | Found Divall's Antique Weapon Shoppe.
 10130 | D:8      | Found Ilalogiz's Armour Emporium.
 10151 | D:8      | Noticed a two-headed ogre
 10193 | D:8      | Killed a two-headed ogre
 10361 | D:8      | Found Ciekeur's Antique Weapon Emporium.
 10362 | D:8      | Found an ancient bone altar of Kikubaaqudgha.
 10428 | D:8      | Found Puobok's General Store.
 10605 | D:8      | Identified the +1 ring mail of Card Tricks {Contam rPois
                  | rC+ Will+}
 10749 | D:8      | Found Heruz's Assorted Antiques.
 10815 | D:8      | Reached skill level 9 in Fighting
 10852 | D:9      | Noticed Pikel
 10943 | D:9      | Killed Pikel
 11029 | D:8      | Bought a +0 hat for 56 gold pieces
 11040 | D:9      | Noticed Gastronok
 11055 | D:9      | Killed Gastronok
 11056 | D:9      | Reached XP level 11. HP: 58/72 MP: 11/13
 11157 | D:9      | Reached skill level 10 in Fighting
 11202 | D:9      | Found a staircase to the Orcish Mines.
 11837 | D:10     | Entered Level 10 of the Dungeon
 12371 | D:10     | Found a staircase to the Lair.
 12438 | D:10     | Noticed a tengu warrior
 12438 | D:10     | Noticed a centaur warrior
 12438 | D:10     | Noticed a skeletal warrior
 12452 | D:10     | Killed a centaur warrior
 13388 | D:10     | Killed a tengu warrior
 13747 | D:10     | Noticed a cyan ugly thing
 13782 | D:10     | Killed a cyan ugly thing
 13837 | D:10     | Noticed a six-headed hydra
 13866 | D:10     | Killed from afar by a meliai

Illustrated notes

Levels and vault maps discovered:
D:1:      tarquinn_simple_flora_water_d, layout_rooms, serial_shops, shop,
          minmay_tetromino_o2
D:2:      layout_loops_ring, grunt_decor_one_mirror
D:3:      layout_rooms, lemuel_coloured_pillars_altar,
          grunt_temple_overflow_open, minmay_goblin_kobold_house, uniq_terence,
          uniq_crazy_yiuf_cottage
D:4:      layout_basic, minmay_temple_entry_fiery, enter_ossuary_2,
          minivault_19, hangedman_feature_mirror, minivault_1, uniq_robin
D:5:      layout_cave_pools, marbit_many_paths, nicolae_qazlal_eye_of_the_storm,
          serial_shops, shop, minmay_shop_damaged, uniq_edmund, uniq_grinder
D:6:      layout_loops_corners, ebering_ghost_disaster_area
D:7:      layout_rooms, general_overflow_altar
D:8:      kennysheep_blocky_hall, layout_loops_ring, lemuel_crystal_altar,
          serial_shops, nicolae_shop_competitors_out_of_business,
          nicolae_lakefront_shop, nicolae_take_the_stairs,
          nicolae_shop_statue_plus, shop, chequers_serial_rivers_micro_b
D:9:      layout_loops_cross, orc_0_dummy, uniq_gastronok, uniq_pikel
D:10:     minmay_the_grid_square_5x5_3x3 [minmay_the_grid_square_5x5_longway,
          minmay_the_grid_square_5x5_bite, minmay_the_grid_square_5x5_empty,
          minmay_the_grid_square_5x5_corner,
          minmay_the_grid_square_5x5_megaprize_checkered,
          minmay_the_grid_square_5x5_plus, minmay_the_grid_square_5x5_gyroscope,
          minmay_the_grid_square_5x5_one_wall,
          minmay_the_grid_square_5x5_bracketed], layout_stronghold,
          due_lair_maze_entry_diamond

Skill      XL: |  1  2  3  4  5  6  7  8  9 10 11 |
---------------+----------------------------------+-----
Dodging        | 1 2 4 5 7 8 |  8.4
Fighting       | 2 5 7 9 10 | 10.4
Air Magic      | 1 2 3 4 7 8 |  8.0
Conjurations   | 1 2 3 4 7 8 |  8.0
Polearms       | 1 2 |  2.0
Long Blades    | 1 2 |  2.0
Armour         | 3 5 7 8 |  8.0
Evocations     | 3 |  3.0
Spellcasting   | 3 |  3.0
Ranged Weapons | |  2.1
Throwing       | |  2.0
Poison Magic   | |  3.0

Action                     |  1- 3 |  4- 6 |  7- 9 | 10-12 || total
---------------------------+-------+-------+-------+-------++-------
  Melee: Dagger            |    36 |       |       |       ||    36
         Kick              |    11 |    58 |    31 |    59 ||   159
         Peck              |     4 |    50 |    29 |    35 ||   118
         Spear             |     5 |   200 |       |       ||   205
         Short sword       |     4 |       |       |       ||     4
         Punch             |       |     1 |     2 |     3 ||     6
         Long sword        |       |    29 |   179 |   167 ||   375
   Fire: Shortbow          |    59 |     3 |       |       ||    62
  Throw: Dart              |     1 |       |     1 |       ||     2
         Javelin           |       |       |    10 |     7 ||    17
   Cast: Mephitic Cloud    |       |     1 |    11 |    17 ||    29
         Apportation       |       |       |     3 |       ||     3
  Evoke: Wand              |       |     1 |       |     5 ||     6
    Use: Scroll            |     2 |     7 |     3 |     9 ||    21
         Potion            |       |     1 |     1 |       ||     2
   Stab: Confused          |       |     1 |     4 |     6 ||    11
         Sleeping          |       |       |     1 |       ||     1
 Armour: Leather armour    |    18 |       |       |       ||    18
         Ring mail         |     1 |    67 |     3 |       ||    71
         Scale mail        |       |       |    15 |    72 ||    87
         Steam dragon scal |       |       |    24 |     7 ||    31
  Dodge: Dodged            |    30 |   102 |    81 |   146 ||   359
  Block: Other             |     4 |    48 |    26 |    57 ||   135
         Reflection        |       |       |       |     5 ||     5

Table legend: (Time is in decaauts)
 A = Elapsed time spent in this place.
 B = Non-inter-level travel time spent in this place.
 C = Inter-level travel time spent in this place.
 D = Time resting spent in this place.
 E = Time spent auto-exploring this place.
 F = Levels seen in this place.
 G = Mean time per level.
                   A        B        C        D        E       F      G
               +--------+--------+--------+--------+--------+-----+--------+
         Total |  13363 |  12524 |    839 |   2732 |   6638 |  11 | 1214.8 |
       Dungeon |  12601 |  11762 |    839 |   2619 |   6403 |  10 | 1260.1 |
       Ossuary |    762 |    762 |      0 |    113 |    235 |   1 |  762.0 |
               +--------+--------+--------+--------+--------+-----+--------+

Top non-repeatable levels by time:
     D:3: 1786 daAuts
     D:6: 1755 daAuts
     D:8: 1660 daAuts
     D:9: 1470 daAuts
     D:4: 1198 daAuts
     D:5: 1071 daAuts
    D:10: 1042 daAuts
     D:1: 913 daAuts
     D:7: 857 daAuts
     D:2: 845 daAuts
 Ossuary: 762 daAuts
